 Dungeon Crawl Stone Soup version 0.23.2-1-ga50397a (webtiles) character file.

Game seed: 9662721925600485875

43 Borgoz the Slasher (level 3, -3/45 HPs)
             Began as a Hill Orc Gladiator on May 15, 2019.
             Slain by a gnoll
             ... wielding a +0 halberd
              (10 damage)
             ... on level 2 of the Dungeon.
             The game lasted 00:01:32 (735 turns).

Borgoz the Slasher (Hill Orc Gladiator)              Turns: 735, Time: 00:01:33

Health: -3/45      AC:  6    Str: 21    XL:     3   Next: 58%
Magic:  3/3        EV: 12    Int:  8    God:
Gold:   58         SH:  0    Dex: 13    Spells: 2/2 levels left

rFire    . . .     SeeInvis .   a - +0 long sword
rCold    . . .     Gourm    .   (no shield)
rNeg     . . .     Faith    .   n - +0 ring mail
rPois    .         Spirit   .   c - +0 helmet
rElec    .         Reflect  .   (no cloak)
rCorr    +         Harm     .   (no gloves)
MR       .....                  (no boots)
Stlth    ..........             e - amulet of rage
HPRegen  0.15/turn              i - ring of resist corrosion
MPRegen  0.08/turn              (no ring)

@: berserking, very quick
A: no striking features
a: Evoke Berserk Rage


You were on level 2 of the Dungeon.
You were hungry.

You visited 1 branch of the dungeon, and saw 2 of its levels.

You collected 58 gold pieces.

Inventory:

Hand Weapons
 a - a +0 long sword (weapon)
Missiles
 d - 3 throwing nets (quivered)
Armour
 c - a +0 helmet (worn)
 m - a +0 plate armour
 n - a +0 ring mail (worn)
Jewellery
 e - an amulet of rage (around neck)
 i - a ring of resist corrosion (left hand)
Scrolls
 g - 2 scrolls of teleportation {unknown}
 k - a scroll of amnesia {unknown}
 l - a scroll of noise {unknown}
Potions
 b - 2 potions of curing {unknown}
 j - a potion of flight {unknown}
 o - a potion of agility {unknown}
Comestibles
 f - 5 rations
 h - 10 chunks of flesh


   Skills:
 + Level 2.8 Fighting
 + Level 3.6 Long Blades
 - Level 1.7 Throwing
 + Level 1.1 Armour
 + Level 2.7 Dodging
 + Level 1.0 Stealth
 + Level 0.7 Evocations


You had 2 spell levels left.
You didn't know any spells.
Your spell library was empty.

Dungeon Overview and Level Annotations

Branches:
Dungeon (2/15)

Altars:
Nemelex Xobeh


Message History

You closely miss the giant cockroach.
The giant cockroach is heavily wounded.
The giant cockroach closely misses you.
You riposte.
You barely miss the giant cockroach.
The giant cockroach is heavily wounded.
The gnoll hits you from afar with a +0 halberd.
The gnoll hits you from afar with a +0 spear.
* * * LOW HITPOINT WARNING * * *
You hit the giant cockroach.
You kill the giant cockroach!
Some of the chunks of flesh in your inventory have rotted away.
You hit the gnoll.
The gnoll is moderately wounded.
The gnoll misses you. The gnoll completely misses you. The gnoll hits you.
* * * LOW HITPOINT WARNING * * *
You barely miss the gnoll.
The gnoll is moderately wounded.
The gnoll barely misses you.
The gnoll hits you from afar with a +0 halberd!
You die...

. #.###.. ........ ###
### ⌠.⌠.... # # ._.....
# ##. .⌠...# ...#
#...########
...#.gg.......
###.##g.....#####
#.....@#.÷..#...## #
#.....(.[........## #
#.................# #
#....##...........#####
#.... #................
#...# ###........######
#... ##..#...## # #...
######.# # ### #.. #


You could see 3 gnolls.

Vanquished Creatures
  A worm (D:2)
  5 dart slugs
  2 bats (D:2)
  2 giant cockroaches (D:2)
  A hobgoblin (D:2)
  4 jackals (D:1)
  2 ball pythons (D:1)
  9 frilled lizards
  4 goblins
  A kobold (D:1)
  A rat (D:1)
32 creatures vanquished.

Notes
Turn   | Place    | Note
-------+----------+-------------------------------------------
     0 | D:1      | Borgoz the Hill Orc Gladiator began the quest for the Orb.
     0 | D:1      | Reached XP level 1. HP: 18/18 MP: 1/1
   187 | D:1      | Reached XP level 2. HP: 21/25 MP: 2/2
   529 | D:1      | Reached XP level 3. HP: 21/30 MP: 3/3
   672 | D:2      | Reached skill level 1 in Armour
   703 | D:2      | Reached skill level 1 in Stealth
   710 | D:2      | Found a sparkling altar of Nemelex Xobeh.
   735 | D:2      | Slain by a gnoll

Skill      XL: |  1  2  3 |
---------------+----------+-----
Armour         | 1 |  1.1
Stealth        | 1 |  1.0
Fighting       | |  2.8
Long Blades    | |  3.6
Throwing       | |  1.7
Dodging        | |  2.7
Evocations     | |  0.7

Action                   || total
-------------------------++-------
Melee: Long sword        ||    69
 Abil: Evoke Berserk Rag ||     1
 Stab: Sleeping          ||     1
Armor: Leather armour    ||    17
       Ring mail         ||    11
Dodge: Dodged            ||    50
       Rpst.: Long sword ||    14
